 Dungeon Crawl Stone Soup version 0.26-a0-30-g56b8cd3df0 (webtiles) character file.

Game seed: 11951861418037330387, levelgen mode: deterministic

2133 Lanoc the Arsonist (level 9, -16/51 HPs)
             Began as an Octopode Fire Elementalist on June 2, 2020.
             Was a Believer of Sif Muna.
             Killed from afar by a manticore (24 damage)
             ... with a volley of spikes
             ... on level 7 of the Dungeon.
             The game lasted 00:13:23 (7383 turns).

Lanoc the Arsonist (Octopode Fire Elementalist)     Turns: 7383, Time: 00:13:23

Health: -16/51     AC:  5    Str:  7    XL:     9   Next: 30%
Magic:  12/12      EV: 18    Int: 20    God:    Sif Muna [**....]
Gold:   276        SH:  0    Dex: 19    Spells: 4/12 levels left

rFire    . . .     SeeInvis .   a - +2 whip (elec)
rCold    . . .     Gourm    .   (no shield)
rNeg     . . .     Faith    .   (helmet restricted)
rPois    .         Spirit   .   v - amulet of magic regeneration
rElec    .         Reflect  .   c - +4 ring of protection
rCorr    .         Harm     .   x - +6 ring of dexterity
MR       .....                  (no ring)
Stlth    +++.......             (no ring)
HPRegen  0.17/turn              (no ring)
MPRegen  0.38/turn              (no ring)
                                (no ring)
                                (no ring)

@: about to teleport, barbed spikes
A: almost no armour, stealthy swim, amphibious, 8 rings, constrict 8, camouflage
1, gelatinous body 1
a: Channel Magic, Renounce Religion


You were on level 7 of the Dungeon.
You worshipped Sif Muna.
Sif Muna was pleased with you.
You were not hungry.

You visited 2 branches of the dungeon, and saw 8 of its levels.

You collected 276 gold pieces.

Inventory:

Hand Weapons
 a - a +2 whip of electrocution (weapon)
Jewellery
 c - a +4 ring of protection (left tentacle)
 v - an amulet of magic regeneration (around mantle)
 x - a +6 ring of dexterity (right tentacle)
Wands
 t - a wand of iceblast (8)
Scrolls
 d - 6 scrolls of identify
 h - a scroll of random uselessness {unknown}
 k - 3 scrolls of remove curse
 l - 2 scrolls of teleportation
 o - a scroll of fog {unknown}
 q - 3 scrolls of enchant armour
 r - a scroll of fear {unknown}
 w - a scroll of amnesia {unknown}
Potions
 e - a potion of brilliance {unknown}
 f - 2 potions of haste
 g - 2 potions of heal wounds {unknown}
 i - 3 potions of degeneration {unknown}
 j - 2 potions of magic {unknown}
 m - a potion of flight {unknown}
 n - 3 potions of curing {unknown}
 p - 2 potions of stabbing {unknown}
 s - a potion of experience {unknown}
Comestibles
 b - 10 rations
 u - 7 chunks of flesh


   Skills:
 + Level 6.0 Dodging
 - Level 2.6 Stealth
 + Level 2.3 Spellcasting
 + Level 5.7 Conjurations
 * Level 8.8 Fire Magic
 + Level 2.4 Invocations


You had 4 spell levels left.
You knew the following spells:

 Your Spells              Type           Power        Failure   Level  Hunger
a - Foxfire               Conj/Fire      ####         1%          1    #......
b - Conjure Flame         Conj/Fire      ####....     2%          3    ###....
c - Sticky Flame          Conj/Fire      ####....     8%          4    #####..

Your spell library contained the following spells:

 Spells                   Type           Power        Failure   Level  Hunger
 Inner Flame              Hex/Fire       ###.....     8%          3    ###....
 Confusing Touch          Hex            #.......     41%         3    ###....
 Gell's Gravitas          Tloc           #.........   41%         3    ###....
 Petrify                  Tmut/Erth      #.......     83%         4    #####..
 Fireball                 Conj/Fire      ####......   21%         5    ######.
 Metabolic Englaciation   Hex/Ice        #.........   99%         5    ######.
 Yara's Violent Unravell  Hex/Tmut       #.........   99%         5    ######.


Dungeon Overview and Level Annotations

Branches:
Dungeon (7/15)             Temple (1/1) D:4

Altars:
Ashenzari
Cheibriados
Nemelex Xobeh
Okawaru
Sif Muna
Trog
Vehumet
Xom
The Shining One

Annotations:
D:7 Harold


Innate Abilities, Weirdness & Mutations

You cannot wear most types of armour.
You are very stealthy in the water. (Stealth+)
You are amphibious.
You can wear up to eight rings at the same time.
You can use your tentacles to constrict eight enemies at once.
Your skin changes colour to match your surroundings (Stealth+).
Your rubbery body absorbs attacks. (AC +1, EV +1)


Message History

f - 2 potions of haste The water moccasin zombie misses you.
As you open the door, it creaks loudly! The water moccasin zombie bites you.
There is an open door here.
The water moccasin zombie misses you.
As you read the scroll labeled RUADA QU ORAU, it crumbles to dust.
You feel strangely unstable.
It was a scroll of teleportation.
You hit the manticore. Your squeeze misses the manticore.
The manticore is lightly wounded.
You hit the manticore but do no damage.
The manticore is lightly wounded.
The manticore closely misses you. The manticore claws you.
The manticore misses you. The manticore bites you!! The manticore claws you.
The manticore claws you!
* * * LOW HITPOINT WARNING * * *
The manticore flicks its tail.
The volley of spikes hits you!!
The barbed spikes become lodged in your body.
You die...

..........#.......#.........
.######.###'#########..###>.
##[###..##..####..###..
#..#................#..
#..+................#..
#..##...#########..##..
##..##...##....###..##..
#....#...............#.>
#...ZH.@.............#..
#$.########..........#..
#..# #..........'). #...
.............#.. #...
.##.....##..#### #.... .
#.....##..##.. #....
........ ...... +=....
........ ...... ##..##.
.####


You could see a manticore and a water moccasin zombie.

Vanquished Creatures
  Pikel (D:5)
  3 ice beasts
  2 orc warriors
  A phantom (D:6)
  3 slaves (D:5)
  An ogre (D:5)
  2 bullfrogs (D:7)
  A scorpion (D:5)
  3 wights (D:6)
  2 crimson imps
  3 hounds
  2 orc priests (D:7)
  A bullfrog skeleton (D:5)
  A centaur skeleton (D:7)
  2 iguanas
  3 orc wizards
  5 worker ants
  9 adders
  2 shadow imps
  2 adder skeletons (D:4)
  2 worms
  3 dart slugs
  3 leopard geckos
  19 orcs
  2 ball pythons
  9 bats
  2 giant cockroaches (D:3)
  7 goblins
  7 hobgoblins
  13 jackals
  2 kobolds
  3 quokkas
  3 frilled lizards
  A quokka zombie (D:6)
  6 rats
131 creatures vanquished.

Vanquished Creatures (collateral kills)
  A leopard gecko (D:5)
1 creature vanquished.

Vanquished Creatures (others)
  453 foxfires
  4 toadstools (D:1)
457 creatures vanquished.

Grand Total: 589 creatures vanquished

Notes
Turn   | Place    | Note
-------+----------+-------------------------------------------
     0 | D:1      | Lanoc the Octopode Fire Elementalist began the quest for
                  | the Orb.
     0 | D:1      | Reached XP level 1. HP: 11/11 MP: 3/3
   283 | D:1      | Reached XP level 2. HP: 17/17 MP: 3/5
   789 | D:1      | Reached XP level 3. HP: 21/21 MP: 4/6
  1550 | D:2      | Reached skill level 4 in Fire Magic
  1551 | D:2      | Reached XP level 4. HP: 27/27 MP: 1/7
  1834 | D:2      | Found a shimmering blue altar of Sif Muna.
  1935 | D:2      | Became a worshipper of Sif Muna the Loreminder
  2459 | D:3      | Reached XP level 5. HP: 31/31 MP: 3/8
  3269 | D:4      | Found a staircase to the Ecumenical Temple.
  3444 | Temple   | Entered the Ecumenical Temple
  3464 | D:4      | Reached * piety under Sif Muna
  3464 | D:4      | Reached skill level 5 in Fire Magic
  3464 | D:4      | Reached XP level 6. HP: 36/36 MP: 5/9
  3734 | D:4      | Found a snail-covered altar of Cheibriados.
  3809 | D:5      | Entered Level 5 of the Dungeon
  3809 | D:5      | Noticed an ice beast
  3903 | D:4      | Killed an ice beast
  3984 | D:5      | Reached XP level 7. HP: 41/41 MP: 0/10
  3991 | D:5      | Found a bloodstained altar of Trog.
  4008 | D:5      | Learned a level 3 spell: Conjure Flame
  4017 | D:5      | Reached skill level 6 in Fire Magic
  4241 | D:5      | Noticed Pikel
  4413 | D:5      | Found a sparkling altar of Nemelex Xobeh.
  4581 | D:5      | Killed Pikel
  4581 | D:5      | Reached skill level 5 in Dodging
  4581 | D:5      | Reached skill level 7 in Fire Magic
  4581 | D:5      | Reached XP level 8. HP: 10/46 MP: 0/11
  5403 | D:6      | Reached skill level 5 in Conjurations
  5551 | D:6      | Reached skill level 8 in Fire Magic
  5881 | D:5      | Found a glowing golden altar of the Shining One.
  5881 | D:5      | Found a shattered altar of Ashenzari.
  6011 | D:6      | Reached skill level 1 in Invocations
  6223 | D:6      | Reached ** piety under Sif Muna
  6223 | D:6      | Reached XP level 9. HP: 51/51 MP: 8/12
  6395 | D:6      | Learned a level 4 spell: Sticky Flame
  6883 | D:7      | Noticed Harold
  7370 | D:7      | Noticed a manticore
  7383 | D:7      | Killed from afar by a manticore

Illustrated notes

Levels and vault maps discovered:
D:1:      ldierk_walled_garden_2, layout_loops_ring
D:2:      layout_basic, led_sif_pool
D:3:      minmay_angry_zag, layout_loops_cross
D:4:      layout_rooms, cheibriados_altar_1, minmay_temple_entry_mini_moons
D:5:      layout_cave_pools, nicolae_overflow_hidden_temple, bloody_trog,
          first_ration, uniq_pikel
D:6:      layout_basic, kennysheep_potato
D:7:      layout_gridville, uniq_harold
Temple:   kb_temple_of_zot

Skill      XL: |  1  2  3  4  5  6  7  8  9 |
---------------+----------------------------+-----
Fire Magic     | 4 5 7 8 |  8.8
Conjurations   | 2 3 4 5 |  5.7
Dodging        | 3 4 5 6 |  6.0
Invocations    | 1 2 |  2.4
Stealth        | |  2.6
Spellcasting   | |  2.3

Action                   |  1- 3 |  4- 6 |  7- 9 || total
-------------------------+-------+-------+-------++-------
Melee: Unarmed           |    70 |    72 |    42 ||   184
       Constrict         |    27 |    17 |    13 ||    57
       Tentacles         |    10 |    17 |     8 ||    35
       Whip              |       |       |    21 ||    21
 Cast: Foxfire           |    30 |    90 |   173 ||   293
  Use: Scroll            |       |       |     4 ||     4
 Stab: Sleeping          |     6 |     6 |     5 ||    17
  Eat: Chunk             |     2 |     9 |    12 ||    23
Armor: Skin              |    25 |    15 |     5 ||    45
Dodge: Dodged            |    59 |    59 |    66 ||   184

Table legend:
 A = Non-vault XP
 B = Vault XP
 C = Vault XP percentage of total XP
 D = Non-vault monster count
 E = Vault monster count
 F = Vault count percentage of total count
                 A         B        C        D         E       F
            +---------+---------+-------+---------+---------+-------
      Total |    2243 |     805 |  26.4 |     122 |       7 |   5.4
            +---------+---------+-------+---------+---------+-------
        D:1 |      38 |       0 |   0.0 |      22 |       0 |   0.0
        D:2 |      82 |       0 |   0.0 |      22 |       0 |   0.0
        D:3 |      41 |      21 |  33.9 |      15 |       5 |  25.0
        D:4 |     326 |       0 |   0.0 |      14 |       0 |   0.0
        D:5 |     435 |     651 |  59.9 |      15 |       1 |   6.2
        D:6 |     787 |     133 |  14.5 |      20 |       1 |   4.8
        D:7 |     534 |       0 |   0.0 |      14 |       0 |   0.0
            +---------+---------+-------+---------+---------+-------
